 Dungeon Crawl Stone Soup version 0.17-a0-737-gf0a300a (webtiles) character file.

6959 Ngotmuk the Cleaver (level 10, 0/94 HPs)
             Began as a Deep Dwarf Fighter on Apr 25, 2015.
             Was an Elder of Ru.
             Succumbed to a water moccasin's poison
             ... on level 10 of the Dungeon.
             The game lasted 00:24:52 (7871 turns).

Ngotmuk the Cleaver (Deep Dwarf Fighter)            Turns: 7871, Time: 00:24:53

Health: 0/94       AC: 15    Str: 27      XL:     10   Next: 81%
Magic:  10/10      EV:  8    Int:  9      God:    Ru [****..]
Gold:   417        SH: 11    Dex:  6 (7)  Spells: 0 memorised, 9 levels left

rFire  + . .     SeeInvis +     j - +2 hand axe (chop)
rCold  + . .     Clarity  .     w - +0 scale mail (curse)
rNeg   . . .     SustAb   .     c - +0 shield
rPois  .         Gourm    .     (no helmet)
rElec  .         Spirit   .     (no cloak)
rCorr  .         Warding  .     (no gloves)
rMut   .         Stasis   .     b - +0 pair of boots
MR     +....                    (no amulet)
Stlth  ..........               (no ring)
                                k - +4 ring of strength

@: lethally poisoned (0 -> -7), non-regenerating, drained, somewhat resistant to
hostile enchantments, extremely unstealthy
A: damage resistance, recharge devices, rough black scales 1, slimy green scales
1, see invisible, clumsy 2, cold resistance 1, fire resistance 1, mutation
resistance 1, sense surroundings 2, slow healing 3, no stealth, inability to use
devices
a: Device Recharging, Draw Out Power, Power Leap, Renounce Religion


You were on level 10 of the Dungeon.
You worshipped Ru.
Ru was greatly pleased with you.
You were not hungry.

You visited 2 branches of the dungeon, and saw 11 of its levels.

You collected 417 gold pieces.

Inventory:

Hand weapons
 j - a +2 hand axe of chopping (weapon)
Armour
 b - a +0 pair of boots (worn)
 c - a +0 shield (worn)
 r - a +0 chain mail
 w - a cursed +0 scale mail (worn)
Jewellery
 k - a +4 ring of strength (left hand)
Scrolls
 a - 3 scrolls of remove curse {unknown}
 g - 2 scrolls of recharging {unknown}
 l - 2 scrolls of amnesia {unknown}
 m - 2 scrolls of enchant armour
 n - a scroll of teleportation {unknown}
 o - 2 scrolls of enchant weapon {unknown}
 s - 2 scrolls of identify
 x - a scroll of fog
 y - 5 scrolls of magic mapping
 B - a scroll of holy word {unknown}
Potions
 d - a potion of might
 e - a potion of heal wounds
 i - 7 potions of curing
 p - a potion of cancellation
 t - a potion of invisibility
 u - 2 potions of haste
 v - a potion of ambrosia
 z - a potion of restore abilities {unknown}
Comestibles
 f - 3 bread rations
 h - 7 fruits
 q - a royal jelly
 A - 2 meat rations


   Skills:
 + Level 7.2(6.9) Fighting
 + Level 10.0(9.7) Axes
 + Level 8.8(8.5) Armour
   Level 0.0 Stealth
 + Level 9.0(8.6) Shields
   Level 0.0 Evocations


You had 9 spell levels left.
You didn't know any spells.

Dungeon Overview and Level Annotations

Branches:
Dungeon (10/15)            Temple (1/1) D:4
   Lair: D:8-11         Orc: D:9-12

Altars:
Ashenzari
Cheibriados
Dithmenos
Elyvilon
Fedhas
Gozag
Kikubaaqudgha
Makhleb
Nemelex Xobeh
Okawaru
Qazlal
Ru
Sif Muna
Trog
Vehumet
Xom
Yredelemnul
Zin
The Shining One


Innate Abilities, Weirdness & Mutations

You are resistant to damage.
You can recharge devices by infusing magical energy.
You are very clumsy. (Dex -4)
You passively map the area around you.
You do not heal naturally.
You cannot be stealthy.
You cannot study or use magical devices.
You are partially covered in rough black scales (AC +4, Dex -1).
You are partially covered in slimy green scales (AC +2).
You have supernaturally acute eyesight.
Your flesh is cold resistant.
Your flesh is heat resistant.
You are somewhat resistant to further mutation.


Message History

You hit the water moccasin.
The water moccasin is almost dead.
* * * LOW HITPOINT WARNING * * *
You feel sick.
The water moccasin bites you but does no damage.
You miss the water moccasin.
The water moccasin is almost dead.
* * * LOW HITPOINT WARNING * * *
You feel very sick.
The water moccasin bites you but does no damage.
You miss the water moccasin.
The water moccasin is almost dead.
* * * LOW HITPOINT WARNING * * *
You feel sick. The water moccasin barely misses you.
You slash the water moccasin!
You kill the water moccasin!
Your base Shields skill increases to level 9!
* * * LOW HITPOINT WARNING * * *
You feel sick.
You die...

...... ..............
......# #...........
.......# +........... *
........# , , #.........>.
,......$..# #...........
#........# #...........
#........# #........... ,
#........#######...........
,
#.........@............####
* +..........######......#
, , #.........)# #......# ,
*#..........# #......# ,
.....####### ,, #+##### ,,
#### ,, , , , ,, * * ,, ,,
+* , , , ,,,* , ,


There were no monsters in sight!

Vanquished Creatures
  The ghost of Pikaro the Markscentaur, a powerful CeHu of Qazlal (D:9)
  The ghost of Virusyak the Destroyer, an experienced TeFE of Qazlal (D:6)
  2 trolls (D:8)
  Sigmund (D:6)
  The ghost of Ngotmuk the Skirmisher, an average NaFi (D:3)
  2 wyverns
  2 hungry ghosts
  6 yaks (D:9)
  Edmund (D:6)
  A water moccasin (D:10)
  5 ice beasts
  2 centaurs
  2 phantoms
  2 necrophages
  2 orc warriors (D:8)
  A black bear (D:7)
  2 sky beasts
  4 ogres
  2 giant frogs
  A wyvern zombie (D:9)
  4 killer bees (D:7)
  2 vampire bats (D:4)
  A goliath beetle (D:6)
  A centaur zombie (D:8)
  3 jellies
  A hound (D:5)
  A quasit (D:10)
  6 crimson imps
  A giant frog zombie (D:9)
  2 giant frog skeletons
  2 orc priests
  6 orc wizards
  5 worker ants
  3 iguanas
  A hound zombie (D:6)
  A hound skeleton (D:6)
  A worker ant zombie (D:8)
  7 gnolls
  7 adders
  A shadow imp (D:9)
  2 adder skeletons
  3 oozes
  A worm (D:4)
  25 orcs
  2 ball pythons
  11 bats
  4 bat skeletons (D:4)
  4 bat zombies
  14 hobgoblins
  7 kobolds
  3 quokkas
  3 giant cockroaches
  9 giant geckos
  A giant gecko skeleton (D:5)
  2 giant newts (D:1)
  8 goblins
  5 jackals
  7 rats
208 creatures vanquished.

Vanquished Creatures (others)
  A gnoll (D:8)
1 creature vanquished.

Grand Total: 209 creatures vanquished

Notes
Turn   | Place    | Note
--------------------------------------------------------------
     0 | D:1      | Ngotmuk, the Deep Dwarf Fighter, began the quest for the Orb.
     0 | D:1      | Reached XP level 1. HP: 20/20 MP: 1/1
   496 | D:1      | Reached XP level 2. HP: 18/27 MP: 2/2
   733 | D:2      | Found a white marble altar of Elyvilon.
   846 | D:2      | Reached XP level 3. HP: 14/33 MP: 3/3
   858 | D:2      | Found a glowing silver altar of Zin.
  1027 | D:2      | Found a blossoming altar of Fedhas.
  1346 | D:3      | Found an iron altar of Okawaru.
  1389 | D:3      | Reached XP level 4. HP: 8/42 MP: 4/4
  1465 | D:3      | Reached skill level 4 in Armour
  1707 | D:3      | Noticed Ngotmuk's ghost (average NaFi)
  1769 | D:4      | Found a radiant altar of Vehumet.
  1812 | D:4      | Found a staircase to the Ecumenical Temple.
  1824 | D:4      | Noticed a phantom
  1827 | Temple   | Entered the Ecumenical Temple
  2051 | Temple   | Became a worshipper of Ru the Awakened
  2137 | D:4      | Killed a phantom
  2137 | D:4      | Reached skill level 1 in Stealth
  2137 | D:4      | Reached skill level 1 in Evocations
  2137 | D:4      | Reached XP level 5. HP: 45/49 MP: 5/5
  2267 | D:4      | Reached XP level 6. HP: 43/56 MP: 6/6
  2570 | D:4      | Found an ancient bone altar of Kikubaaqudgha.
  2587 | D:4      | Reached skill level 5 in Axes
  2792 | D:3      | Killed Ngotmuk's ghost
  2792 | D:3      | Reached XP level 7. HP: 11/63 MP: 8/8
  2886 | D:3      | Gained mutation: You cannot study or use magical devices. [Ru sacrifice]
  2886 | D:3      | Acquired Ru's first power
  2886 | D:3      | Acquired Ru's second power
  2886 | D:3      | Acquired Ru's third power
  3124 | D:5      | Entered Level 5 of the Dungeon
  3131 | D:5      | Reached skill level 5 in Armour
  3175 | D:5      | Found a sparkling altar of Nemelex Xobeh.
  3297 | D:5      | Reached skill level 6 in Axes
  3487 | D:5      | Reached skill level 5 in Shields
  3491 | D:5      | Gained mutation: You have supernaturally acute eyesight. [mutagenic meat]
  3492 | D:5      | Gained mutation: Your flesh is heat resistant. [mutagenic meat]
  3494 | D:5      | Gained mutation: You are clumsy. (Dex -2) [mutagenic meat]
  3495 | D:5      | Gained mutation: You are partially covered in rough black scales (AC +4, Dex -1). [mutagenic meat]
  3496 | D:5      | Gained mutation: You are partially covered in slimy green scales (AC +2). [mutagenic meat]
  3560 | D:6      | Noticed Edmund
  3590 | D:6      | Killed Edmund
  3590 | D:6      | Reached XP level 8. HP: 37/72 MP: 8/8
  3625 | D:6      | Found a burning altar of Makhleb.
  3831 | D:6      | Noticed Sigmund
  3839 | D:6      | Reached skill level 7 in Axes
  3843 | D:6      | Killed Sigmund
  3962 | D:6      | Found a snail-covered altar of Cheibriados.
  4029 | D:6      | Noticed Virusyak's ghost (experienced TeFE)
  4032 | D:6      | Found a shimmering altar of Xom.
  4064 | D:6      | Killed Virusyak's ghost
  4064 | D:6      | Reached skill level 5 in Fighting
  4064 | D:6      | Reached skill level 5 in Stealth
  4064 | D:6      | Gained mutation: You passively map the area around you. [Deep Dwarf growth]
  4064 | D:6      | Reached XP level 9. HP: 18/81 MP: 9/9
  4118 | D:6      | Found a radiant altar of Vehumet.
  4128 | D:6      | Reached skill level 8 in Axes
  4173 | D:6      | Found a shadowy altar of Dithmenos.
  4527 | D:6      | Gained mutation: You are very clumsy. (Dex -4) [Ru sacrifice]
  4793 | D:6      | Found a deep blue altar of Sif Muna.
  5569 | D:7      | Found a basalt altar of Yredelemnul.
  6211 | D:8      | Gained mutation: You cannot be stealthy. [Ru sacrifice]
  6211 | D:8      | Acquired Ru's fourth power
  6658 | D:8      | HP: 2/82 [troll (8)]
  6691 | D:9      | Reached skill level 9 in Axes
  6712 | D:9      | Reached XP level 10. HP: 52/91 MP: 10/10
  6843 | D:9      | Gained mutation: Your flesh is cold resistant. [mutagenic meat]
  6844 | D:9      | Gained mutation: You are somewhat resistant to further mutation. [mutagenic meat]
  7037 | D:9      | Noticed Pikaro's ghost (powerful CeHu)
  7088 | D:9      | Killed Pikaro's ghost
  7780 | D:8      | Reached skill level 10 in Axes
  7817 | D:10     | Entered Level 10 of the Dungeon
  7869 | D:10     | HP: 4/94 [poisoned by a water moccasin]
  7871 | D:10     | Succumbed to a water moccasin's poison

Action                   |  1- 3 |  4- 6 |  7- 9 | 10-12 || total
-------------------------+-------+-------+-------+-------++-------
Melee: Hand axe          |    91 |   138 |   518 |   305 ||  1052
       War axe           |    17 |       |       |       ||    17
Invok: Draw Out Power    |       |       |    19 |     7 ||    26
       Sacrifice Artific |       |       |     1 |       ||     1
       Sacrifice Purity  |       |       |     1 |       ||     1
       Sacrifice Stealth |       |       |     1 |       ||     1
Evoke: Wand              |       |     5 |     1 |       ||     6
  Use: Scroll            |       |     8 |     4 |       ||    12
 Stab: Invisible         |       |       |     2 |     3 ||     5
       Distracted        |       |       |     3 |       ||     3
       Sleeping          |       |       |     2 |       ||     2
       Fleeing           |       |       |     1 |       ||     1
  Eat: Fruit             |     1 |     3 |       |       ||     4
       Beef jerky        |       |     1 |       |       ||     1
       Pizza             |       |     1 |       |       ||     1
       Chunk             |       |       |     6 |     4 ||    10
       Meat ration       |       |       |     2 |       ||     2
       Bread ration      |       |       |     1 |     1 ||     2
       Royal jelly       |       |       |     1 |       ||     1
